PR
ELLESMERE ISLAND SNOWPEOPLE @ SAN DIEGO CLIPPERS
06/08/2034
 
TOP OF THE 1ST
Ellesmere Island Snowpeople batting - Pitching for San Diego Clippers : LHP Justin Clapham
Pitching: LHP Justin Clapham
Batting: SHB Armond Buonaiuti 0-0: Called Strike
0-1: Ball
1-1: Swinging Strike
1-2: Ball
2-2: Strikes out looking
Batting: RHB Teok-kyu Pak 0-0: Ball
1-0: Swinging Strike
1-1: Ball
2-1: Ball
3-1: Ground out U3 (Groundball, 3L)
Batting: RHB Luigino Colombo 0-0: Swinging Strike
0-1: Foul Ball, location: 2F
0-2: Ball
1-2: Ball
2-2: Strikes out swinging
Top of the 1st over - 0 runs, 0 hits, 0 errors, 0 left on base; Ellesmere Island 0 - San Diego 0
BOTTOM OF THE 1ST
San Diego Clippers batting - Pitching for Ellesmere Island Snowpeople : LHP Dave Shepard
Pitching: LHP Dave Shepard
Batting: RHB Sze Qi 0-0: Fly out, F8 (Flyball, 8RD)
Batting: LHB Larry Moore 0-0: Fly out, F4 (Line Drive, 4M)
Batting: LHB Tony Worley 0-0: Called Strike
0-1: Ball
1-1: Ball
2-1: Foul Ball, location: 2F
2-2: Strikes out looking
Bottom of the 1st over - 0 runs, 0 hits, 0 errors, 0 left on base; Ellesmere Island 0 - San Diego 0
TOP OF THE 2ND
Ellesmere Island Snowpeople batting - Pitching for San Diego Clippers : LHP Justin Clapham
Batting: LHB Jacques Viceronte 0-0: Foul Ball, location: 2F
0-1: Ball
1-1: Called Strike
1-2: Ground out 4-3 (Groundball, 3D)
Batting: RHB Riemer Kila 0-0: Called Strike
0-1: Swinging Strike
0-2: Fly out, F8 (Flyball, 8RM)
Batting: SHB Hsien-feng Chen 0-0: Ball
1-0: Foul Ball, location: 2F
1-1: Ball
2-1: Foul Ball, location: 2F
2-2: Foul Ball, location: 2F
2-2: Ball
3-2: Strikes out swinging
Top of the 2nd over - 0 runs, 0 hits, 0 errors, 0 left on base; Ellesmere Island 0 - San Diego 0
BOTTOM OF THE 2ND
San Diego Clippers batting - Pitching for Ellesmere Island Snowpeople : LHP Dave Shepard
Batting: RHB Cleveland Mortimer 0-0: Ball
1-0: Foul Ball, location: 2F
1-1: Ball
2-1: Ground out 1-3 (Groundball, P)
Batting: LHB Pedro Serano 0-0: Fly out, F7 (Flyball, 7D)
Batting: RHB Zhen-bang Kwan 0-0: Ball
1-0: Ball
2-0: Ball
3-0: Called Strike
3-1: Called Strike
3-2: Foul Ball, location: 2F
3-2: Fly out, F3 (Popup, 3SF)
Bottom of the 2nd over - 0 runs, 0 hits, 0 errors, 0 left on base; Ellesmere Island 0 - San Diego 0
TOP OF THE 3RD
Ellesmere Island Snowpeople batting - Pitching for San Diego Clippers : LHP Justin Clapham
Batting: RHB Tristan Eikelenboom 0-0: Ball
1-0: Fly out, F9 (Flyball, 9LMF)
Batting: RHB Feng-yi Wen 0-0: Swinging Strike
0-1: Called Strike
0-2: Strikes out swinging
Batting: RHB José González 0-0: Ball
1-0: Called Strike
1-1: Ball
2-1: Fly out, F9 (Flyball, 9)
Top of the 3rd over - 0 runs, 0 hits, 0 errors, 0 left on base; Ellesmere Island 0 - San Diego 0
BOTTOM OF THE 3RD
San Diego Clippers batting - Pitching for Ellesmere Island Snowpeople : LHP Dave Shepard
Batting: LHB Chet Clifton 0-0: Called Strike
0-1: Ball
1-1: Foul Ball, location: 2F
1-2: Foul Ball, location: 2F
1-2: Strikes out swinging
Batting: RHB Bill Fernández 0-0: Ball
1-0: Called Strike
1-1: Swinging Strike
1-2: Foul Ball, location: 2F
1-2: Strikes out swinging
Batting: LHB Bill O'Halloran 0-0: Called Strike
0-1: Called Strike
0-2: Strikes out swinging, 2-3 out at first.
Bottom of the 3rd over - 0 runs, 0 hits, 0 errors, 0 left on base; Ellesmere Island 0 - San Diego 0
TOP OF THE 4TH
Ellesmere Island Snowpeople batting - Pitching for San Diego Clippers : LHP Justin Clapham
Batting: SHB Armond Buonaiuti 0-0: Ball
1-0: Ball
2-0: Ball
3-0: Base on Balls
Batting: RHB Teok-kyu Pak 0-0: Ball
1-0: Foul Ball, location: 2F
1-1: Ball
2-1: Foul Ball, location: 2F
2-2: Ball
3-2: Foul Ball, location: 2F
3-2: Fly out, F9 (Flyball, 9)
Batting: RHB Luigino Colombo 0-0: Ball
1-0: 2-RUN HOME RUN (Flyball, 7LD), Distance : 347 ft
Batting: LHB Jacques Viceronte 0-0: Ball
1-0: Called Strike
1-1: Fly out, F7 (Flyball, 7S)
Batting: RHB Riemer Kila 0-0: Ball
1-0: Ball
2-0: Called Strike
2-1: Swinging Strike
2-2: Foul Ball, location: 2F
2-2: Foul Ball, location: 2F
2-2: Ball
3-2: DOUBLE (Line Drive, 89D)
Batting: SHB Hsien-feng Chen 0-0: Called Strike
0-1: Ground out 6-3 (Groundball, 6)
Top of the 4th over - 2 runs, 2 hits, 0 errors, 1 left on base; Ellesmere Island 2 - San Diego 0
BOTTOM OF THE 4TH
San Diego Clippers batting - Pitching for Ellesmere Island Snowpeople : LHP Dave Shepard
Batting: RHB Sze Qi 0-0: Ball
1-0: Bunt for hit - play at first, batter OUT! 1-3
Batting: LHB Larry Moore 0-0: Called Strike
0-1: Ground out 6-3 (Groundball, 6M)
Batting: LHB Tony Worley 0-0: Ball
1-0: Ball
2-0: Called Strike
2-1: Ball
3-1: Foul Ball, location: 2F
3-2: Foul Ball, location: 2F
3-2: Base on Balls
Batting: RHB Cleveland Mortimer 0-0: Ball
1-0: Fly out, F4 (Popup, 34)
Bottom of the 4th over - 0 runs, 0 hits, 0 errors, 1 left on base; Ellesmere Island 2 - San Diego 0
TOP OF THE 5TH
Ellesmere Island Snowpeople batting - Pitching for San Diego Clippers : LHP Justin Clapham
Batting: RHB Tristan Eikelenboom 0-0: SINGLE (Line Drive, 6)
Batting: RHB Feng-yi Wen 0-0: Foul Ball, location: 2F
0-1: Called Strike
0-2: Foul Ball, location: 2F
0-2: Ball
1-2: Ball
2-2: Strikes out looking
Batting: RHB José González 0-0: Called Strike
0-1: Swinging Strike
0-2: Ball
1-2: Foul Ball, location: 2F
1-2: SINGLE (Flyball, 78S)
Tristan Eikelenboom to second
Batting: SHB Armond Buonaiuti 0-0: Ball
1-0: Ball
2-0: Ball
3-0: Called Strike
3-1: Grounds into double play, 4-6-3 (Groundball, 34)
Top of the 5th over - 0 runs, 2 hits, 0 errors, 1 left on base; Ellesmere Island 2 - San Diego 0
BOTTOM OF THE 5TH
San Diego Clippers batting - Pitching for Ellesmere Island Snowpeople : LHP Dave Shepard
Batting: LHB Pedro Serano 0-0: Swinging Strike
0-1: Ball
1-1: Swinging Strike
1-2: Foul Ball, location: 2F
1-2: Ball
2-2: Strikes out swinging
Batting: RHB Zhen-bang Kwan 0-0: Called Strike
0-1: Ball
1-1: Swinging Strike
1-2: SINGLE (Groundball, 6MD)
Batting: LHB Chet Clifton 0-0: Ball
1-0: Ground out 5-3 (Groundball, 56S)
Zhen-bang Kwan to second
Batting: RHB Bill Fernández 0-0: Ball
1-0: Called Strike
1-1: Fly out, F9 (Flyball, 89D)
Bottom of the 5th over - 0 runs, 1 hit, 0 errors, 1 left on base; Ellesmere Island 2 - San Diego 0
TOP OF THE 6TH
Ellesmere Island Snowpeople batting - Pitching for San Diego Clippers : LHP Justin Clapham
Batting: RHB Teok-kyu Pak 0-0: Called Strike
0-1: Ball
1-1: Foul Ball, location: 2F
1-2: Ball
2-2: Ground out 5-3 (Groundball, 56S)
Batting: RHB Luigino Colombo 0-0: Ball
1-0: Foul Ball, location: 2F
1-1: Ball
2-1: Ball
3-1: Base on Balls
Batting: LHB Jacques Viceronte 0-0: Called Strike
0-1: Foul Ball, location: 2F
0-2: Ball
1-2: Ball
2-2: Strikes out swinging
Batting: RHB Riemer Kila 0-0: Ball
1-0: Ball
2-0: Fielders Choice at 2nd, 5-4 (Groundball, 56)
Top of the 6th over - 0 runs, 0 hits, 0 errors, 1 left on base; Ellesmere Island 2 - San Diego 0
BOTTOM OF THE 6TH
San Diego Clippers batting - Pitching for Ellesmere Island Snowpeople : LHP Dave Shepard
Batting: LHB Bill O'Halloran 0-0: Ball
1-0: Foul Ball, location: 2F
1-1: Called Strike
1-2: Ball
2-2: Fly out, F4 (Line Drive, 4)
Batting: RHB Sze Qi 0-0: Called Strike
0-1: Fly out, F8 (Flyball, 8RD)
Batting: LHB Larry Moore 0-0: Called Strike
0-1: Ball
1-1: Swinging Strike
1-2: Foul Ball, location: 2F
1-2: Ground out 1-3 (Groundball, 13)
Bottom of the 6th over - 0 runs, 0 hits, 0 errors, 0 left on base; Ellesmere Island 2 - San Diego 0
TOP OF THE 7TH
Ellesmere Island Snowpeople batting - Pitching for San Diego Clippers : LHP Justin Clapham
Batting: SHB Hsien-feng Chen 0-0: Ball
1-0: Foul Ball, location: 2F
1-1: Foul Ball, location: 2F
1-2: Foul Ball, location: 2F
1-2: Foul Ball, location: 2F
1-2: Strikes out swinging
Batting: RHB Tristan Eikelenboom 0-0: Ball
1-0: Ball
2-0: Fly out, F9 (Flyball, 9S)
Batting: RHB Feng-yi Wen 0-0: SINGLE (Groundball, 4MD)
Batting: RHB José González 0-0: Called Strike
0-1: Fly out, F9 (Flyball, 9LD)
Top of the 7th over - 0 runs, 1 hit, 0 errors, 1 left on base; Ellesmere Island 2 - San Diego 0
BOTTOM OF THE 7TH
San Diego Clippers batting - Pitching for Ellesmere Island Snowpeople : LHP Dave Shepard
Batting: LHB Tony Worley 0-0: Foul Ball, location: 2F
0-1: Ground out U3 (Groundball, 34)
Batting: RHB Cleveland Mortimer 0-0: Ball
1-0: Fly out, F6 (Popup, 6D)
Batting: LHB Pedro Serano 0-0: Called Strike
0-1: Foul Ball, location: 2F
0-2: Ground out 4-3 (Groundball, 4)
Bottom of the 7th over - 0 runs, 0 hits, 0 errors, 0 left on base; Ellesmere Island 2 - San Diego 0
TOP OF THE 8TH
Ellesmere Island Snowpeople batting - Pitching for San Diego Clippers : LHP Justin Clapham
Batting: SHB Armond Buonaiuti 0-0: Ball
1-0: Ball
2-0: Ball
3-0: Base on Balls
Batting: RHB Teok-kyu Pak 0-0: Bunted foul
0-1: Sac Bunt - play at first, batter OUT! 1-4
Armond Buonaiuti to second
Batting: RHB Luigino Colombo 0-0: Ball
1-0: Foul Ball, location: 2F
1-1: Ball
2-1: Ball
3-1: Foul Ball, location: 2F
3-2: Ground out 4-3 (Groundball, 4)
Armond Buonaiuti to third
Pitching: RHP Pascal Bourdon
Batting: LHB Jacques Viceronte 0-0: Called Strike
0-1: Ball
1-1: DOUBLE (Flyball, 9D)
Armond Buonaiuti scores
Batting: RHB Riemer Kila 0-0: Swinging Strike
0-1: Called Strike
0-2: Ground out 3-1 (Groundball, 34)
Top of the 8th over - 1 run, 1 hit, 0 errors, 1 left on base; Ellesmere Island 3 - San Diego 0
BOTTOM OF THE 8TH
San Diego Clippers batting - Pitching for Ellesmere Island Snowpeople : LHP Dave Shepard
Batting: RHB Zhen-bang Kwan 0-0: Called Strike
0-1: Ball
1-1: Ball
2-1: Fly out, F8 (Flyball, 8LD)
Batting: LHB Chet Clifton 0-0: Ball
1-0: Ground out 1-3 (Groundball, P)
Batting: RHB Bill Fernández 0-0: Ground out 4-3 (Groundball, 4)
Bottom of the 8th over - 0 runs, 0 hits, 0 errors, 0 left on base; Ellesmere Island 3 - San Diego 0
TOP OF THE 9TH
Ellesmere Island Snowpeople batting - Pitching for San Diego Clippers : RHP Pascal Bourdon
Batting: SHB Hsien-feng Chen 0-0: Ball
1-0: Foul Ball, location: 2F
1-1: Called Strike
1-2: Strikes out swinging
Batting: RHB Tristan Eikelenboom 0-0: Called Strike
0-1: Ground out 5-3 (Groundball, 56)
Batting: RHB Feng-yi Wen 0-0: Ball
1-0: Ball
2-0: Ball
3-0: Base on Balls
Batting: RHB José González 0-0: Ball
1-0: Ball
2-0: Ball
3-0: Base on Balls
Feng-yi Wen to second
Batting: SHB Armond Buonaiuti 0-0: Ball
1-0: Called Strike
1-1: Swinging Strike
1-2: Foul Ball, location: 2F
1-2: SINGLE (Line Drive, 8RS)
Feng-yi Wen to third
José González to second
Pitching: RHP César Sandoval
Batting: RHB Teok-kyu Pak 0-0: Called Strike
0-1: Swinging Strike
0-2: Strikes out swinging
Top of the 9th over - 0 runs, 1 hit, 0 errors, 3 left on base; Ellesmere Island 3 - San Diego 0
BOTTOM OF THE 9TH
San Diego Clippers batting - Pitching for Ellesmere Island Snowpeople : LHP Dave Shepard
Batting: LHB Bill O'Halloran 0-0: Foul Ball, location: 2F
0-1: Called Strike
0-2: Ball
1-2: Ground out 4-3 (Groundball, 4)
Batting: RHB Sze Qi 0-0: Ball
1-0: Called Strike
1-1: Foul Ball, location: 2F
1-2: Foul Ball, location: 2F
1-2: SINGLE (Line Drive, 6D)
Pitching: RHP Lucas Gameiro
Batting: LHB Larry Moore 0-0: Ball
1-0: Foul Ball, location: 2F
1-1: Swinging Strike
1-2: Ball
2-2: Strikes out swinging
Batting: LHB Tony Worley 0-0: Ball
1-0: Ball
2-0: Ball
3-0: Base on Balls
Sze Qi to second
Batting: RHB Cleveland Mortimer 0-0: Called Strike
0-1: Called Strike
0-2: Ball
1-2: Strikes out looking
Bottom of the 9th over - 0 runs, 1 hit, 0 errors, 2 left on base; Ellesmere Island 3 - San Diego 0
Friday, March 29th, 2019 - OOTP Baseball 18.8 Build 76